 Dungeon Crawl Stone Soup version 0.30-a0-897-ga2f19c967e (webtiles) character file.

Game seed: 4285315435155762168

964 M4edhros the Ducker (level 8, -5/58 HPs)
             Began as an Octopode Artificer on Mar 18, 2023.
             Slain by an orc
             ... wielding a +0 war axe
              (8 damage)
             ... on level 4 of the Dungeon.
             The game lasted 00:03:38 (2357 turns).

M4edhros the Ducker (Octopode Artificer)            Turns: 2357, Time: 00:03:39

Health: -5/58      AC:  1    Str: 11    XL:     8   Next: 15%
Magic:  8/8        EV: 16    Int: 14    God:
Gold:   107        SH:  0    Dex: 14    Spells: 7/7 levels left

rFire   . . .      SeeInvis .    (no weapon)
rCold   . . .      Faith    .    (no shield)
rNeg    . . .      Spirit   .    (helmet restricted)
rPois   .          Reflect  .    (no amulet)
rElec   .          Rampage  .    (no ring)
rCorr   .                        (no ring)
Will    .....                    (no ring)
Stlth   +++                      (no ring)
HPRegen 0.29/turn                (no ring)
MPRegen 0.11/turn                (no ring)
                                 (no ring)
                                 (no ring)

@: no status effects
A: almost no armour, amphibious, 8 rings, camouflage 1, gelatinous body 1,
(nimble swimmer 1), tentacles
a: no special abilities


You were on level 4 of the Dungeon.
You visited 1 branch of the dungeon, and saw 4 of its levels.
You also visited: Ossuary.

You collected 107 gold pieces.

Inventory:

Missiles
 r - 4 poisoned darts
Wands
 c - a wand of charming (11)
 d - a wand of iceblast (5)
Scrolls
 a - 4 scrolls of teleportation {unknown}
 g - a scroll of brand weapon {unknown}
 h - a scroll of blinking {unknown}
 o - 3 scrolls of identify {unknown}
Potions
 e - a potion of attraction
 f - 2 potions of haste
 i - 2 potions of might {unknown}
 j - a potion of degeneration {unknown}
 k - 4 potions of lignification {unknown}
 m - a potion of invisibility {unknown}
 n - a potion of magic {unknown}
 p - 2 potions of curing {unknown}
 q - a potion of brilliance {unknown}
 s - a potion of mutation {unknown}
 t - a potion of cancellation {unknown}


   Skills:
 + Level 6.4 Fighting
 + Level 6.8 Dodging
 - Level 1.3 Stealth
 - Level 3.2 Evocations


You had 7 spell levels left.
You didn't know any spells.
Your spell library contained the following spells:

 Spells                   Type           Power      Damage    Failure   Level
 Static Discharge         Conj/Air       0%         2-2/arc   41%         2
 Vhi's Electric Charge    Tloc/Air       0%         N/A       65%         3
 Arcjolt                  Conj/Air       0%         1d10      100%        5
 Lightning Bolt           Conj/Air       0%         1d11      100%        5


Dungeon Overview and Level Annotations

Branches:
Dungeon (4/15)            Ossuary (visited)
 Temple: D:4-7

Altars:
Wu Jian
The Shining One


Innate Abilities, Weirdness & Mutations

You cannot wear most types of armour.
You are amphibious.
You can wear up to eight rings at the same time.
Your skin changes colour to match your surroundings (Stealth+).
Your rubbery body absorbs attacks. (AC +1, EV +1)
((You are camouflaged when in or above water. (Stealth+)))
You have tentacles for arms and can constrict up to eight enemies at once.


Message History

You barely miss something. Your squeeze misses something. Something hits you.
The orc misses you.
You tentacle-slap something but do no damage.
You hear some strange, mumbled words.
Something tries to affect you, but you resist.
The orc completely misses you.
You miss something. Something hits you! The orc closely misses you.
You tentacle-slap something but do no damage.
Something hits you. The orc barely misses you.
Aiming: Throw Flame
Press: ? - help, Shift-Dir - straight line, f - orc
Aim: an orc, wielding a +0 war axe and wearing a +0 leather armour (71% to hit)
The puff of flame hits something.
You hear some strange, mumbled words.
A puff of flame appears from out of thin air!
The puff of flame hits you!
* * * LOW HITPOINT WARNING * * *
The orc completely misses you.
Aiming: Throw Flame
Press: ? - help, Shift-Dir - straight line, f - orc
Aim: an orc, wielding a +0 war axe and wearing a +0 leather armour (71% to hit)
The puff of flame hits something!
Something hits you.
* * * LOW HITPOINT WARNING * * *
The orc barely misses you.
Unknown command.
Aiming: Throw Flame
Press: ? - help, Shift-Dir - straight line, f - orc
Aim: an orc, wielding a +0 war axe and wearing a +0 leather armour (71% to hit)
Something hits you.
* * * LOW HITPOINT WARNING * * *
The orc misses you.
Unknown command.
Aiming: Throw Flame
Press: ? - help, Shift-Dir - straight line, f - orc
Aim: an orc, wielding a +0 war axe and wearing a +0 leather armour (71% to hit)
The puff of flame hits something!
Reactivating autopickup.
You feel a bit more experienced.
The now-empty wand crumbles to dust.
The orc hits you with a +0 war axe!
You die...

............#
..#....#....#
#####..######
........#### ####
#######.)..#### ...#
.............# !...#
##########.#.####....#
#........#..)....#
#...†....#.@o..?.#
#......#...)).####
#......#......#
#......#.......$.#
#......###..####.#
#......# ##.# #
######## #.. ####


You could see an orc.

Vanquished Creatures
  An ice beast (D:4)
  An ogre (D:4)
  A kobold brigand (D:4)
  2 elf skeletons (D:4)
  A water moccasin zombie (Ossuary)
  A wight (Ossuary)
  3 centaur zombies (Ossuary)
  2 bullfrog zombies (Ossuary)
  A human zombie (D:4)
  An orc priest (D:4)
  A hound (D:4)
  An orc wizard (D:4)
  2 scorpion zombies (Ossuary)
  A human skeleton (D:4)
  3 adders
  6 adder zombies (Ossuary)
  2 worms
  2 dart slugs
  8 orcs
  2 endoplasms
  3 gnoll zombies (Ossuary)
  3 goblins
  2 hobgoblins (D:4)
  A jackal (D:4)
  A quokka (D:4)
  4 ball pythons
  A bat (D:3)
  3 goblin zombies (Ossuary)
  2 hobgoblin zombies (Ossuary)
  5 kobolds
  An orc skeleton (D:4)
  4 orc zombies
  2 rats (D:2)
74 creatures vanquished.

Vanquished Creatures (collateral kills)
  2 centaur zombies (Ossuary)
  A scorpion zombie (Ossuary)
  An orc zombie (Ossuary)
4 creatures vanquished.

Grand Total: 78 creatures vanquished

Notes
Turn   | Place    | Note
-------+----------+-------------------------------------------
     0 | D:1      | M4edhros the Octopode Artificer began the quest for the
                  | Orb.
     0 | D:1      | Reached XP level 1. HP: 13/13 MP: 1/1
   214 | D:2      | Reached XP level 2. HP: 12/18 MP: 2/2
   451 | D:2      | Reached XP level 3. HP: 24/24 MP: 3/3
   849 | D:4      | Reached XP level 4. HP: 15/31 MP: 4/4
   862 | D:4      | HP: 1/31 [elf skeleton (6)]
   875 | D:4      | Reached XP level 5. HP: 31/36 MP: 5/5
   909 | D:4      | Found a sand-covered staircase.
   917 | Ossuary  | Entered an ossuary
   988 | Ossuary  | Reached XP level 6. HP: 33/43 MP: 6/6
  1221 | Ossuary  | Reached skill level 5 in Dodging
  1457 | Ossuary  | Reached skill level 5 in Fighting
  1457 | Ossuary  | Reached XP level 7. HP: 26/50 MP: 7/7
  1718 | Ossuary  | Noticed a silent spectre
  2033 | D:4      | Found an ornate altar of the Wu Jian Council.
  2183 | D:4      | Found a glowing golden altar of the Shining One.
  2235 | D:4      | Reached XP level 8. HP: 31/58 MP: 8/8
  2357 | D:4      | Slain by an orc

Illustrated notes

Levels and vault maps discovered:
D:1:      enne_arrival_octagon_isle, layout_basic
D:2:      layout_basic, kennysheep_generic_room_7, uniq_natasha, uniq_terence,
          uniq_sigmund
D:3:      kennysheep_the_goblin_king, layout_basic
D:4:      layout_basic, amcnicky_altar_gilded, mainiacjoe_overflow_paths,
          nicolae_ossuary_entry_catacombs, uniq_duvessa

Skill      XL: |  1  2  3  4  5  6  7 |
---------------+----------------------+-----
Fighting       | 2 3 4 5 6 |  6.4
Dodging        | 3 4 5 6 |  6.8
Stealth        | |  1.3
Evocations     | |  3.2

Action                     |  1- 3 |  4- 6 |  7- 9 || total
---------------------------+-------+-------+-------++-------
  Melee: Unarmed           |    81 |   130 |   110 ||   321
         Tentacles         |    22 |    40 |    36 ||    98
         Constrict         |    22 |    23 |    21 ||    66
         Punch             |       |     2 |     2 ||     4
  Evoke: Wand              |     1 |     4 |    14 ||    19
    Use: Potion            |       |     4 |     1 ||     5
   Stab: Sleeping          |     4 |     3 |     1 ||     8
         Distracted        |     1 |       |       ||     1
 Armour: Skin              |    10 |    15 |     9 ||    34
  Dodge: Dodged            |    52 |   114 |   136 ||   302

Table legend: (Time is in decaauts)
 A = Elapsed time spent in this place.
 B = Non-inter-level travel time spent in this place.
 C = Inter-level travel time spent in this place.
 D = Time resting spent in this place.
 E = Time spent auto-exploring this place.
 F = Levels seen in this place.
 G = Mean time per level.
                   A        B        C        D        E       F      G
               +--------+--------+--------+--------+--------+-----+--------+
         Total |   2337 |   2247 |     90 |    249 |   1327 |   5 |  467.4 |
       Dungeon |   1439 |   1349 |     90 |     74 |    845 |   4 |  359.8 |
       Ossuary |    897 |    897 |      0 |    175 |    482 |   1 |  897.0 |
               +--------+--------+--------+--------+--------+-----+--------+

Top non-repeatable levels by time:
 Ossuary: 897 daAuts
     D:4: 714 daAuts
     D:2: 295 daAuts
     D:3: 251 daAuts
     D:1: 177 daAuts
